AoeStats
← Polar_Op

Arabia

510511734Analyzed
2v2 RM · 1d ago on Oct 1, 2026· 17m 40s· 4 players
Game mode
Random Map
Map size
Medium (4 player)
Population
200
Speed
Normal
Resources
Standard
Victory
Conquest
Starting age
Dark Age
Ending age
Imperial Age
RankedLock teamsTeams togetherTeam positionsShared explorationLock speedFull tech treeHidden civsTurbo modeCheats
Victory
Defeat
🇦🇺 Franks · Australia
733
+30
🇦🇺 Saracens · Australia
719
+14
🇦🇺 Koreans · Australia
679
-28
🇦🇺 Goths · Australia
679
-28
Polar_Op
10:38 Feudal Age
10:59 Horse Collar
12:09 Double-Bit Axe
14:43 Gold Mining
Jihad Herbie
12:10 Feudal Age
12:51 Double-Bit Axe
13:07 Horse Collar
Maps with sand are the best.
11:31 Feudal Age
10:44 Loom
13:19 Wheelbarrow
BlueTree1s
8:07 Loom
10:32 Feudal Age
11:44 Double-Bit Axe
14:39 Fletching
Connection lost

Rejoining the realm…

Still unreachable

The connection could not be restored.

Session expired

The server has moved on; the page needs a fresh start.